 Dungeon Crawl Stone Soup version 0.27.0-1-g7a089689b8 (webtiles) character file.

Game seed: 7287104548402323580

8048 Sin92 the Cleaver (level 11, -3/84 HPs)
             Began as a Demonspawn Fighter on Aug 15, 2021.
             Was an Elder of Okawaru.
             Killed by divine providence
             ... invoked by an orc priest
              (8 damage)
             ... on level 10 of the Dungeon.
             The game lasted 00:17:14 (12551 turns).

Sin92 the Cleaver (Demonspawn Fighter)             Turns: 12551, Time: 00:17:15

Health: -3/84      AC: 25    Str: 18    XL:     11   Next: 4%
Magic:  0/13       EV: 11    Int: 11    God:    Okawaru [****..]
Gold:   304        SH: 13    Dex: 21    Spells: 10/10 levels left

rFire    + . .     SeeInvis .   a - +1 war axe
rCold    . . .     Faith    .   c - +0 kite shield
rNeg     . . .     Spirit   +   p - +1 plate armour
rPois    +         Reflect  .   d - +4 hat of Zokhlik {rElec rPois}
rElec    +         Harm     .   j - +0 cloak {Stlth+}
rCorr    .         Rampage  .   y - +1 pair of gloves {archery}
Will     +....                  o - +0 pair of boots
Stlth    ..........             w - amulet of guardian spirit
HPRegen  0.24/turn              B - ring "Pupep" {rF+ Will+}
MPRegen  0.13/turn              q - +6 ring of dexterity

@: heroic
A: horns 2, demonic guardian 2, ignite blood 1, big brain 1
a: Renounce Religion, Heroism


You were on level 10 of the Dungeon.
You worshipped Okawaru.
Okawaru was greatly pleased with you.
You visited 2 branches of the dungeon, and saw 11 of its levels.

You collected 499 gold pieces.
You spent 195 gold pieces at shops.

Inventory:

Hand Weapons
 a - a +1 war axe (weapon)
 i - a +0 whip of freezing
Armour
 b - a +0 scale mail
 c - a +0 kite shield (worn)
 d - the +4 hat of Zokhlik (worn) {rElec rPois}
   (You acquired it on level 2 of the Dungeon)

   rElec:     It insulates you from electricity.
   rPois:     It protects you from poison.
 j - a +0 cloak of stealth (worn)
 k - a +0 pair of gloves
 o - a +0 pair of boots (worn)
 p - a +1 plate armour (worn)
 y - a +1 pair of gloves of archery (worn)
 A - a +0 chain mail
Jewellery
 h - a ring of magical power
 n - a ring of willpower
 q - a +6 ring of dexterity (right hand)
 w - an amulet of guardian spirit (around neck)
 z - a ring of positive energy
 B - the ring "Pupep" (left hand) {rF+ Will+}
   (You found it on level 7 of the Dungeon)

   [ring of willpower]

   rF:        It protects you from fire.
   Will:      It increases your willpower.
Scrolls
 e - 5 scrolls of teleportation
 f - 4 scrolls of identify
 l - a scroll of fog
 v - a scroll of amnesia
Potions
 m - a potion of flight
 s - 2 potions of curing
 t - 3 potions of lignification
 u - 3 potions of cancellation
 x - a potion of ambrosia


   Skills:
 + Level 7.5(12.5) Fighting
 * Level 9.2(14.2) Axes
 + Level 6.8(11.8) Armour
 + Level 6.1(11.1) Dodging
 + Level 6.9(11.9) Shields
 + Level 3.7 Invocations


You had 10 spell levels left.
You didn't know any spells.
Your spell library contained the following spells:

 Spells                   Type           Power      Damage    Failure   Level
 Freeze                   Ice            0%         1d3       100%        1
 Blink                    Tloc           N/A        N/A       100%        2
 Call Canine Familiar     Summ           0%         N/A       100%        3
 Frozen Ramparts          Ice            0%         1d2       100%        3
 Gell's Gravitas          Tloc           0%         N/A       100%        3
 Lesser Beckoning         Tloc           0%         N/A       100%        3
 Portal Projectile        Hex/Tloc       0%         N/A       100%        3
 Stone Arrow              Conj/Erth      0%         3d7       100%        3
 Teleport Other           Tloc           0%         N/A       100%        3
 Animate Armour           Summ/Erth      0%         N/A       100%        4
 Hailstorm                Conj/Ice       0%         3d3       100%        4
 Leda's Liquefaction      Hex/Erth       0%         N/A       100%        4
 Manifold Assault         Tloc           0%         N/A       100%        5
 Dispersal                Tloc           0%         N/A       100%        6
 Lehudib's Crystal Spear  Conj/Erth      0%         10d2      100%        8


Dungeon Overview and Level Annotations

Branches:
Dungeon (10/15)            Temple (1/1) D:4             Orc (0/2) D:9
   Lair: D:8-11

Altars:
Ashenzari
Cheibriados
Elyvilon
Fedhas
Gozag
Hepliaklqana
Kikubaaqudgha
Makhleb
Nemelex Xobeh
Okawaru
Qazlal
Ru
Sif Muna
Trog
Uskayaw
Vehumet
Wu Jian
Xom
Yredelemnul
Zin
The Shining One
Beogh

Shops:
D:6 !   D:7 [

Annotations:
D:6 2 transporters, velxir3's ghost, novice OpMo


Innate Abilities, Weirdness & Mutations

You have a pair of horns on your head.
A demonic guardian rushes to your aid.
Your demonic aura sometimes causes spilled blood to erupt in flames.
You have an unusually large brain. (Int +2)


Message History

The orc hits your ice devil but does no damage.
The two-headed ogre struggles against the net.
Your ice devil barely misses the orc.
The orc closely misses your ice devil.
Things that are here:
a +0 dagger; a +0 robe; an orc corpse You slash the two-headed ogre!
You headbutt the two-headed ogre, but do no damage.
The two-headed ogre is severely wounded.
The two-headed ogre is engulfed in blazing flames.
The two-headed ogre struggles against the net.
Your ice devil hits the orc.
Your ice devil freezes the orc!
The orc dies!
Okawaru accepts your kill.
You catch the helpless two-headed ogre completely off-guard!
You slash the two-headed ogre!
You kill the two-headed ogre!
Okawaru is honoured by your kill.
Your ice devil closely misses the orc priest.
The orc priest invokes the aid of Beogh against you.
Beogh smites you!
* * * LOW HITPOINT WARNING * * *
You have reached level 11!
Your demonic ancestry asserts itself...
The horns on your head grow some more.
Your ice devil barely misses the orc priest.
You block the orc priest's attack.
Items here: (( )))) [ †††.
You hit the orc priest but do no damage.
You headbutt the orc priest.
The orc priest is moderately wounded.
Your ice devil barely misses the orc priest.
You block the orc priest's attack.
You barely miss the orc priest. You headbutt the orc priest!
The orc priest is almost dead.
Your ice devil barely misses the orc priest.
You closely miss the orc priest.
The orc priest is almost dead.
The orc priest calls down the wrath of Beogh upon you.
Beogh smites you!
You die...

# #..... #...........
#.#....####.......... ##
.....#.###.......... ...
#..#..(........... ....
##................. .....
#.)#...............
......#.)#...............
......))###.#...#........
###...)4@...##..#.......(
##...)o..####..........
##.......# #..###...^.
#......... .. ..
#........... ..
............
#............
.............


You could see an orc priest (ally target) and a friendly ice devil (summoned).

Vanquished Creatures
  A two-headed ogre (D:10)
  Pikel (D:4)
  Grinder (D:5)
  Prince Ribbit (D:5)
  A wraith (D:9)
  A wyvern (D:9)
  4 hogs (D:8)
  9 yaks (D:9)
  A human (D:8)
  Grum (D:9)
  Menkaure (D:5)
  An acid dragon (D:8)
  5 orc warriors (D:9)
  A sky beast (D:6)
  2 black bears (D:7)
  4 centaurs
  2 necrophages
  An ogre (D:9)
  3 wolves (D:9)
  3 kobold brigands
  3 bullfrogs
  A gnoll sergeant (D:8)
  10 scorpions
  A jelly (D:7)
  3 killer bees (D:8)
  2 electric eels (D:9)
  A howler monkey (D:8)
  5 centaur zombies
  A bullfrog skeleton (D:5)
  A hound (D:6)
  8 orc priests (D:9)
  A centaur skeleton (D:7)
  A gnoll shaman (D:8)
  Terence (D:2)
  2 iguanas
  7 orc wizards
  A scorpion zombie (D:4)
  A hound skeleton (D:4)
  6 gnolls (D:8)
  14 adders
  An ufetubus (D:7)
  An adder zombie (D:4)
  A worm (D:2)
  3 dart slugs
  46 orcs
  5 ball pythons
  15 bats
  13 endoplasms
  A giant cockroach (D:2)
  4 goblins
  12 hobgoblins
  3 jackals (D:1)
  A quokka (D:2)
  4 frilled lizards
  15 kobolds
  13 rats
252 creatures vanquished.

Vanquished Creatures (collateral kills)
  A sky beast (D:6)
  A killer bee (D:8)
  A scorpion zombie (D:4)
  2 orcs
5 creatures vanquished.

Vanquished Creatures (others)
  An orc wizard (D:10)
  A plant (D:4)
2 creatures vanquished.

Grand Total: 259 creatures vanquished

Notes
Turn   | Place    | Note
-------+----------+-------------------------------------------
     0 | D:1      | Sin92 the Demonspawn Fighter began the quest for the Orb.
     0 | D:1      | Reached XP level 1. HP: 18/18 MP: 1/1
   233 | D:1      | Reached skill level 2 in Axes
   254 | D:1      | Gained mutation: You have an unusually large brain. (Int
                  | +2) [demonic ancestry]
   254 | D:1      | Reached XP level 2. HP: 24/24 MP: 2/2
  1039 | D:2      | Gained mutation: You have a pair of small horns on your
                  | head. [demonic ancestry]
  1039 | D:2      | Reached XP level 3. HP: 29/29 MP: 3/3
  1166 | D:2      | Found a faded altar of an unknown god.
  1445 | D:2      | Noticed Terence
  1448 | D:2      | Reached skill level 1 in Dodging
  1450 | D:2      | Killed Terence
  1451 | D:2      | Gained mutation: A weak demonic guardian rushes to your
                  | aid. [demonic ancestry]
  1451 | D:2      | Reached XP level 4. HP: 14/35 MP: 4/4
  1838 | D:2      | Reached skill level 3 in Axes
  2680 | D:2      | Reached XP level 5. HP: 27/41 MP: 5/5
  2991 | D:2      | Identified a scroll of acquirement
  2991 | D:2      | Acquired the +4 hat of Zokhlik {rElec rPois}
  3928 | D:4      | Noticed a lemure
  3928 | D:4      | Noticed a lemure
  3928 | D:4      | Noticed a lemure
  3929 | D:4      | Noticed Pikel
  3931 | D:4      | Noticed a lemure
  3956 | D:4      | Killed Pikel
  3957 | D:4      | Reached skill level 4 in Axes
  3957 | D:4      | Reached XP level 6. HP: 16/48 MP: 6/6
  3957 | D:4      | Gained mutation: Your demonic aura sometimes causes spilled
                  | blood to erupt in flames. [demonic ancestry]
  3957 | D:4      | Reached XP level 7. HP: 18/54 MP: 7/7
  4401 | D:4      | Found a sacrificial altar of Ru.
  4443 | D:4      | Found a staircase to the Ecumenical Temple.
  4651 | D:4      | Found a radiant altar of Vehumet.
  4907 | D:4      | Reached skill level 5 in Axes
  4922 | D:4      | Reached XP level 8. HP: 49/61 MP: 8/8
  5097 | D:4      | Found the +7 Singing Sword {vorpal, sonic wave}
  5433 | D:5      | Entered Level 5 of the Dungeon
  5436 | D:5      | Noticed Prince Ribbit
  5449 | D:5      | Killed Prince Ribbit
  5450 | D:5      | Reached skill level 5 in Fighting
  5807 | D:5      | Noticed Menkaure
  6105 | D:5      | Killed Menkaure
  6106 | D:5      | Reached skill level 6 in Axes
  6509 | D:5      | Found a faded altar of an unknown god.
  6521 | D:5      | Found a faded altar of an unknown god.
  6523 | D:5      | Found an ornate altar of the Wu Jian Council.
  6525 | D:5      | Found a broken altar of Ashenzari.
  6574 | D:5      | Reached skill level 5 in Shields
  6658 | D:5      | Noticed Grinder
  6678 | D:5      | Paralysed by Grinder for 5 turns
  6686 | D:5      | Killed Grinder
  6687 | D:5      | Reached skill level 5 in Armour
  6915 | D:5      | Gained mutation: A demonic guardian rushes to your aid.
                  | [demonic ancestry]
  6915 | D:5      | Reached XP level 9. HP: 68/68 MP: 9/9
  7060 | D:6      | Found Bufic's Distillery.
  7407 | D:6      | Reached skill level 7 in Axes
  7493 | D:6      | Found a transporter.
  7495 | D:6      | Identified the +5 dire flail of Ronem {vorpal, *Slow +Blink
                  | Int+4}
  7495 | D:6      | Noticed a two-headed ogre
  7495 | D:6      | Noticed velxir3's ghost (novice OpMo)
  7498 | D:6      | Found a transporter.
  7840 | Temple   | Entered the Ecumenical Temple
  7898 | Temple   | Became a worshipper of Warmaster Okawaru
  8084 | D:7      | Found Guozxam's Antique Armour Shoppe.
  8090 | D:7      | Bought a pair of glowing gloves for 195 gold pieces
  8368 | D:7      | Identified the ring "Pupep" {rF+ Will+}
  8801 | D:8      | Found a burning altar of Makhleb.
  9038 | D:8      | Reached * piety under Okawaru
  9092 | D:8      | Reached skill level 5 in Dodging
  9306 | D:8      | Found a snail-covered altar of Cheibriados.
  9477 | D:8      | Reached XP level 10. HP: 33/77 MP: 4/10
  9479 | D:8      | Reached skill level 8 in Axes
 10464 | D:9      | Reached ** piety under Okawaru
 10851 | D:9      | Found a hazy altar of Hepliaklqana.
 10852 | D:9      | Found a blossoming altar of Fedhas.
 10852 | D:9      | Found a hide-covered altar of Uskayaw.
 11283 | D:9      | Found an opulent altar of Gozag.
 11343 | D:9      | Reached skill level 1 in Invocations
 11585 | D:9      | Noticed Grum
 11602 | D:9      | Reached *** piety under Okawaru
 11627 | D:9      | Killed Grum
 11637 | D:9      | Reached skill level 9 in Axes
 11958 | D:9      | Reached **** piety under Okawaru
 12272 | D:9      | Found a staircase to the Orcish Mines.
 12364 | D:10     | Entered Level 10 of the Dungeon
 12400 | D:10     | Noticed a two-headed ogre
 12531 | D:10     | Noticed a two-headed ogre
 12547 | D:10     | Killed a two-headed ogre
 12548 | D:10     | Gained mutation: You have a pair of horns on your head.
                  | [demonic ancestry]
 12548 | D:10     | Reached XP level 11. HP: 4/84 MP: 1/13
 12551 | D:10     | Killed from afar by an orc priest

Illustrated notes

Levels and vault maps discovered:
D:1:      nzn_arrival_crosshair, layout_loops_cross,
          chequers_serial_rivers_room_b, amethyst_killhole, minivault_27
D:2:      minmay_razor_zed, layout_basic, ebering_ecumenical_altar_mist,
          uniq_terence
D:3:      layout_basic
D:4:      old_forge, layout_loops_ring, lemuel_tele_altar,
          nicolae_ru_great_annihilating_truth, minmay_temple_entry_from_below_a,
          serial_undead, serial_undead_f, serial_undead_d, serial_undead_c,
          serial_undead_c, uniq_pikel
D:5:      layout_basic, chequers_temple_overflow_minitemple,
          kennysheep_generic_room_16, uniq_menkaure, uniq_prince_ribbit1,
          uniq_grinder
D:6:      layout_loops_ring, serial_shops, kennysheep_mini,
          gammafunk_ghost_smash
D:7:      layout_gridville, serial_shops, shop
D:8:      layout_basic, bloody_makhleb, mainiacjoe_overflow_cross_hatched,
          minmay_misc_feat_pillars, nrook_campfire, grunt_livestock
D:9:      layout_roguey, grunt_gozag_breadcrumbs,
          chequers_temple_overflow_statue_of_worship, erik_orc_2, special_room
          [special_room_orc], serial_park_tiny_2, uniq_grum
D:10:     layout_cave_pools, marbit_many_paths, lair_entry_dummy,
          roderic_serpentine_path
Temple:   jpeg_temple_alley_garden

Skill      XL: |  1  2  3  4  5  6  7  8  9 10 |
---------------+-------------------------------+-----
Axes           | 2 3 4 5 6 7 9 |  9.2
Dodging        | 1 2 3 4 5 6 |  6.1
Armour         | 3 4 5 6 |  6.8
Shields        | 3 4 5 6 |  6.9
Fighting       | 4 5 6 7 |  7.5
Invocations    | 3 |  3.7

Action                   |  1- 3 |  4- 6 |  7- 9 | 10-12 || total
-------------------------+-------+-------+-------+-------++-------
Melee: War axe           |   101 |   102 |   356 |   259 ||   818
       Headbutt          |     8 |    26 |    80 |    84 ||   198
Throw: Throwing net      |       |       |       |     1 ||     1
Invok: Heroism           |       |       |     1 |     1 ||     2
  Use: Potion            |     1 |     1 |     1 |     1 ||     4
       Scroll            |       |     3 |     7 |     6 ||    16
 Stab: Paralysed         |       |       |     1 |       ||     1
       Held in net/web   |       |       |       |     1 ||     1
Armor: Scale mail        |    62 |    46 |   145 |       ||   253
       Chain mail        |       |       |    68 |    47 ||   115
       Plate armour      |       |       |       |    87 ||    87
Dodge: Dodged            |    39 |    42 |   152 |    81 ||   314
Block: Kite shield       |    66 |    58 |   237 |   161 ||   522
